 Dungeon Crawl Stone Soup version 0.29.1-14-g9c671dbff4 (webtiles) character file.

Game seed: 6015292053728360459

413 Ast3rio the Trooper (level 6, -5/55 HPs)
             Began as a Hill Orc Fighter on Feb 15, 2023.
             Was an Initiate of Beogh.
             Slain by an ice beast (18 damage)
             ... on level 6 of the Dungeon.
             The game lasted 00:08:30 (3611 turns).

Ast3rio the Trooper (Hill Orc Fighter)              Turns: 3611, Time: 00:08:30

Health: -5/55      AC:  4    Str: 21    XL:     6   Next: 90%
Magic:  6/6        EV: 12    Int:  8    God:    Beogh [......]
Gold:   184        SH:  6    Dex: 20    Spells: 5/5 levels left

rFire   . . .      SeeInvis .   l - +4 scimitar of the Maze {venom, rC- Will+ Dex+10}
rCold   x . .      Faith    .   c - +0 buckler
rNeg    . . .      Spirit   .   h - +2 robe {Will+}
rPois   .          Reflect  .   (no helmet)
rElec   .          Harm     .   (no cloak)
rCorr   .          Rampage  .   (no gloves)
Will    ++...                   (no boots)
Stlth   ++........              (no amulet)
HPRegen 0.18/turn               (no ring)
MPRegen 0.10/turn               (no ring)

@: no status effects
A: no striking features
a: Renounce Religion


You were on level 6 of the Dungeon.
You worshipped Beogh.
Beogh was noncommittal.
You visited 1 branch of the dungeon, and saw 5 of its levels.

You collected 184 gold pieces.

Inventory:

Hand Weapons
 a - a +0 war axe
 l - the +4 scimitar of the Maze (weapon) {venom, rC- Will+ Dex+10}
   (You found it on level 2 of the Dungeon)

   It poisons the flesh of those it strikes.
   Dex:       It affects your dexterity (+10).
   rC:        It makes you vulnerable to cold.
   Will:      It increases your willpower.
 n - a +1 dagger of draining
 r - a +0 dagger of draining
Armour
 b - a +0 scale mail
 c - a +0 buckler (worn)
 h - a +2 robe of willpower (worn)
Magical Staves
 q - a staff of air
Scrolls
 e - a scroll of enchant armour {unknown}
 g - 8 scrolls of identify {unknown}
 i - a scroll of enchant weapon {unknown}
 j - a scroll of immolation {unknown}
 o - a scroll of magic mapping {unknown}
 p - 2 scrolls of vulnerability {unknown}
 t - a scroll of amnesia {unknown}
Potions
 d - 2 potions of might
 f - 2 potions of flight {unknown}
 k - a potion of lignification {unknown}
 m - a potion of magic {unknown}
 s - 2 potions of invisibility {unknown}


   Skills:
 + Level 4.9 Fighting
 + Level 3.4 Long Blades
 + Level 4.3 Axes
 + Level 4.0 Armour
 + Level 1.6 Dodging
 + Level 1.4 Stealth
 + Level 4.2 Shields


You had 5 spell levels left.
You didn't know any spells.
Your spell library contained the following spells:

 Spells                   Type           Power      Damage    Failure   Level
 Ensorcelled Hibernation  Hex/Ice        0%         N/A       63%         2
 Passwall                 Tmut/Erth      0%         N/A       63%         2
 Swiftness                Air            0%         N/A       86%         3


Dungeon Overview and Level Annotations

Branches:
Dungeon (6/15)
 Temple: D:4-7

Altars:
Gozag
Vehumet
Wu Jian
The Shining One

Shops:
D:2 (


Message History

You hear some strange, mumbled words.
A puff of flame appears from out of thin air!
The puff of flame hits you. Something hits you but does no damage.
You miss something. Something hits you.
You miss something. Something hits you.
You miss something. Something hits you but does no damage. Something hits you.
You completely miss something. Something hits you.
You miss something. Something hits you.
You closely miss something. Something hits you.
Something hits you but does no damage.
You slash something!
You hear some strange, mumbled words.
A puff of flame appears from out of thin air!
The puff of flame hits you.
You miss something. Something hits you but does no damage.
You slice something!! Beogh accepts your kill.
Reactivating autopickup.
You feel a bit more experienced.
Things that are here:
a +0 dagger; a +0 robe; an orc corpse An ufetubus comes into view.
You start resting.
An ufetubus is nearby!
An ufetubus is nearby!
Found 16 gold pieces.
Found a chain mail.
You now have 184 gold pieces (gained 16).
An ice beast comes into view.
Found a leather armour.
An ice beast is nearby!
Okay, then.
The ice beast hits you. The ice beast freezes you!!
You feel a terrible chill!
* * * LOW HITPOINT WARNING * * *
You slash the ice beast!
The ice beast is moderately wounded.
The ice beast hits you.
* * * LOW HITPOINT WARNING * * *
The ice beast freezes you!!
You feel a terrible chill!
You die...

#...o##.#.###...#
..o.. #.....#...#
##... ###.###.#.#
.... .... #...# .#.
. ... ##..#
#.###..####.#
.......##...#######
#...##.#........
#....Y@.........
#...[.##########...
..... .. .... #.# .


You could see an ice beast.

Vanquished Creatures
  A centaur (D:6)
  A phantom (D:2)
  A howler monkey (D:6)
  A jelly (D:6)
  An iguana (D:6)
  Natasha (D:4)
  2 orc wizards (D:6)
  5 adders
  2 dart slugs
  An orc (D:3)
  2 bats (D:1)
  4 endoplasms
  10 goblins
  5 hobgoblins
  2 jackals (D:1)
  3 ball pythons
  3 frilled lizards
  6 kobolds
  3 rats
54 creatures vanquished.

Vanquished Creatures (others)
  14 fungi (D:4)
  3 plants (D:1)
17 creatures vanquished.

Grand Total: 71 creatures vanquished

Notes
Turn   | Place    | Note
-------+----------+-------------------------------------------
     0 | D:1      | Ast3rio the Hill Orc Fighter began the quest for the Orb.
     0 | D:1      | Reached XP level 1. HP: 19/19 MP: 1/1
   167 | D:1      | Reached XP level 2. HP: 4/27 MP: 2/2
   687 | D:1      | Found a faded altar of an unknown god.
  1050 | D:2      | Found a radiant altar of Vehumet.
  1212 | D:2      | Noticed a phantom
  1220 | D:2      | Killed a phantom
  1221 | D:2      | Reached XP level 3. HP: 28/33 MP: 3/3
  1221 | D:2      | Reached XP level 4. HP: 34/40 MP: 4/4
  1348 | D:2      | Identified the +4 scimitar of the Maze {venom, rC- Will+
                  | Dex+10}
  1412 | D:2      | Found Neajuaquga's Antique Weapon Shoppe.
  1565 | D:2      | Reached XP level 5. HP: 45/47 MP: 5/5
  1931 | D:2      | Reached skill level 1 in Dodging
  2012 | D:3      | Found a glowing golden altar of the Shining One.
  2397 | D:3      | Found an opulent altar of Gozag.
  3115 | D:4      | Found an ornate altar of the Wu Jian Council.
  3126 | D:4      | Reached skill level 1 in Long Blades
  3135 | D:4      | Noticed Natasha
  3148 | D:4      | Killed Natasha
  3370 | D:4      | You fall into a shaft and drop 2 floors!
  3375 | D:6      | Noticed a centaur
  3380 | D:6      | Reached XP level 6. HP: 50/53 MP: 6/6
  3384 | D:6      | Reached skill level 1 in Stealth
  3547 | D:6      | Became a worshipper of Beogh the Brigand
  3597 | D:6      | Noticed an ice beast
  3611 | D:6      | Slain by an ice beast

Illustrated notes

Levels and vault maps discovered:
D:1:      matt_arrival_diagonals, layout_rooms,
          chequers_ecumenical_altar_island, chequers_big_river
D:2:      layout_basic, serial_shops, shop, basic_altar
D:3:      layout_loops_corners, nicolae_gozag_seed_capital, tso_metal_star
D:4:      kennysheep_the_goblin_king, layout_rooms, fedhas_altar_decomposition,
          kennysheep_mini, led_sif_pool, mainiacjoe_overflow_chevrons,
          mainiacjoe_overflow_paths, temple_doors_e, minmay_manual_mares,
          uniq_natasha
D:6:      layout_basic, minmay_door_square,
          hangedman_abyss_or_decor_jellyfish_corner

Skill      XL: |  1  2  3  4  5  6 |
---------------+-------------------+-----
Fighting       | 4 |  4.9
Axes           | 3 4 |  4.3
Armour         | 4 |  4.0
Dodging        | 1 |  1.6
Long Blades    | 2 3 |  3.4
Shields        | 4 |  4.2
Stealth        | 1 |  1.4

Action                   |  1- 3 |  4- 6 || total
-------------------------+-------+-------++-------
Melee: War axe           |    62 |     6 ||    68
       Scimitar          |       |    82 ||    82
Invok: Convert to Beogh  |       |     1 ||     1
 Stab: Sleeping          |       |     2 ||     2
Armor: Scale mail        |    29 |       ||    29
       Robe              |    17 |    27 ||    44
Dodge: Dodged            |    42 |    60 ||   102
Block: Buckler           |    22 |    24 ||    46
